 Dungeon Crawl Stone Soup version 0.31.0-32-g396128a36d (webtiles) character file.

Game seed: 970887915099356492

101 SchramBam the Chiller (level 4, -7/30 HPs)
             Began as a Merfolk Ice Elementalist on Apr 11, 2024.
             Mangled by Eolas's ghost (9 damage)
             ... on level 3 of the Dungeon on Apr 14, 2024.
             The game lasted 00:10:36 (2400 turns).

SchramBam the Chiller (Merfolk Ice Elementalist)    Turns: 2400, Time: 00:10:37

Health: -7/30      AC:  4    Str:  8    XL:     4   Next: 75%
Magic:  7/7        EV: 13    Int: 16    God:
Gold:   178        SH:  0    Dex: 14    Spells: 1/8 levels left

rFire   . . .        q - +2 short sword (elec)
rCold   . . .        (no shield)
rNeg    . . .        l - +2 robe {Will+}
rPois   .            (no helmet)
rElec   .            (no cloak)
rCorr   .            (no gloves)
SInv    .            (no boots)
Will    +....        (no amulet)
Stlth   ++           (no ring)
HPRegen 0.25/turn    (no ring)
MPRegen 0.10/turn

%: no passive effects
@: very slightly contaminated
A: (nimble swimmer 2), mertail
a: no special abilities


You were on level 3 of the Dungeon.
You visited 1 branch of the dungeon, and saw 3 of its levels.

You collected 178 gold pieces.

Inventory:

Hand Weapons
 c - a +1 dagger of electrocution
 q - a +2 short sword of electrocution (weapon)
Armour
 l - a +2 robe of willpower (worn)
Scrolls
 a - a scroll of poison {unknown}
 d - a scroll of fear
 f - a scroll of brand weapon {unknown}
 g - a scroll of revelation {unknown}
 i - 4 scrolls of identify
 j - a scroll of teleportation {unknown}
 k - a scroll of noise {unknown}
 m - a scroll of torment {unknown}
 o - a scroll of acquirement {unknown}
 p - 2 scrolls of vulnerability {unknown}
Potions
 e - a potion of attraction {unknown}
 h - a potion of might {unknown}
 n - a potion of degeneration {unknown}
 r - a potion of enlightenment {unknown}


   Skills:
 - Level 0.6 Short Blades
 * Level 3.9 Dodging
 + Level 3.3 Stealth
 * Level 2.6 Spellcasting
 * Level 5.1 Ice Magic


You had one spell level left.
You knew the following spells:

 Your Spells              Type           Power      Damage    Failure   Level
a - Freeze                Ice            72%        1d8       2%          1
b - Frozen Ramparts       Ice            36%        1d6       7%          3
c - Ozocubu's Armour      Ice            18%        N/A       7%          3

Your spell library contained the following spells:

 Spells                   Type           Power      Damage    Failure   Level
 Shock                    Conj/Air       8%         1d3       21%         1
 Summon Ice Beast         Ice/Summ       10%        N/A       21%         3
 Call Canine Familiar     Summ           2%         N/A       52%         3
 Swiftness                Air            2%         N/A       52%         3
 Airstrike                Air            1%         2d(1-17)  89%         4
 Animate Armour           Summ/Erth      4%         N/A       89%         4
 Summon Forest            Summ/Tloc      1%         N/A       99%         5
 Spellforged Servitor     Conj/Summ      1%         N/A       100%        7


Dungeon Overview and Level Annotations

Branches:
Dungeon (3/15)

Altars:

Annotations:
D:3 Consumeair16's ghost, amateur GnCj; Eolas's ghost, amateur FoBe; Tripartite's ghost, amateur BaIE


Innate Abilities, Weirdness & Mutations

((You are very nimble when in or above water. (Stealth+, EV+, Speed+++)))
Your lower body shifts to a powerful aquatic tail in water.


Message History

Confirm with . or Enter, or press ? or * to list all spells.
Casting: Frozen Ramparts (quite dangerous; 7% risk of failure)
Press: ? - help, Dir - look around, f - activate You miscast Frozen Ramparts.
You are very lightly contaminated with residual magic.
Nothing appears to happen.
Tripartite's ghost hits you.
Casting: Frozen Ramparts (quite dangerous; 7% risk of failure)
Confirm with . or Enter, or press ? or * to list all spells.
Casting: Frozen Ramparts (quite dangerous; 7% risk of failure)
Press: ? - help, Dir - look around, f - activate You miscast Frozen Ramparts.
Nothing appears to happen.
Casting: Frozen Ramparts (quite dangerous; 7% risk of failure)
Confirm with . or Enter, or press ? or * to list all spells.
You don't have enough magic to cast this spell.
There are monsters nearby!
You hit Eolas's ghost.
Lightning courses through Eolas's ghost!
Eolas's ghost is heavily damaged.
You hit Eolas's ghost but do no damage.
Eolas's ghost is heavily damaged.
Eolas's ghost hits you!
You barely miss Eolas's ghost.
Eolas's ghost is heavily damaged.
Eolas's ghost hits you.
You hit Eolas's ghost but do no damage.
Eolas's ghost is heavily damaged.
Eolas's ghost hits you!
Consumeair16's ghost says, "I will blast you to bits."
You barely miss Eolas's ghost.
Eolas's ghost is heavily damaged.
Eolas's ghost hits you!
* * * LOW HITPOINT WARNING * * *
Casting: Frozen Ramparts (quite dangerous; 7% risk of failure)
Confirm with . or Enter, or press ? or * to list all spells.
You don't have enough magic to cast this spell.
You hit Eolas's ghost but do no damage.
Eolas's ghost is heavily damaged.
Eolas's ghost hits you but does no damage.
Magic courses through your body. Eolas's ghost hits you!
You die...

##......####..##.....#.#
######## #..###.##.##.#
########.## #.##.##.#
##.....>..####.##..######
###..######......###.#♣⌠♣)##
.....................#....8#
#..........########..#......
...#####.##########..'.....!
....# #........@WWW.'.....8
.#..###############..'.....$
##......# #..#.....$
...####..# #..#....8# #### #
####♣⌠♣.## # ####


You could see Consumeair16's ghost, Eolas's ghost and Tripartite's ghost.

Vanquished Creatures
  4 adders (D:2)
  A ribbon worm (D:3)
  A ball python (D:2)
  4 endoplasms
  2 giant cockroaches (D:2)
  7 goblins
  6 hobgoblins
  4 jackals (D:1)
  6 kobolds
  6 quokkas
  8 bats
  4 frilled lizards
  4 rats
57 creatures vanquished.

Notes
Turn   | Place    | Note
-------+----------+-------------------------------------------
     0 | D:1      | SchramBam the Merfolk Ice Elementalist began the quest for
                  | the Orb.
     0 | D:1      | Reached XP level 1. HP: 13/13 MP: 3/3
   167 | D:1      | Got Ditsat's Precepts of the Commander
   170 | D:1      | Reached XP level 2. HP: 19/19 MP: 5/5
   641 | D:1      | Reached XP level 3. HP: 24/24 MP: 6/6
   769 | D:1      | Learned a level 3 spell: Frozen Ramparts
  1450 | D:2      | Found a faded altar of an unknown god.
  1487 | D:2      | Identified the +3 leather armour of Makhleb's Hope {rF+}
  1522 | D:2      | Reached XP level 4. HP: 22/30 MP: 4/7
  2068 | D:3      | Reached skill level 5 in Ice Magic
  2365 | D:3      | Found a runed translucent gate.
  2365 | D:3      | Found a runed translucent gate.
  2365 | D:3      | Found a runed translucent gate.
  2369 | D:3      | Noticed Eolas's ghost (amateur FoBe)
  2369 | D:3      | Noticed Consumeair16's ghost (amateur GnCj)
  2370 | D:3      | Noticed Tripartite's ghost (amateur BaIE)
  2386 | D:3      | Learned a level 3 spell: Ozocubu's Armour
  2400 | D:3      | Mangled by Eolas's ghost

Illustrated notes

Levels and vault maps discovered:
D:1:      dpeg_arrival_simpleton_a, layout_loops_corners
D:2:      layout_loops_cross, dreamdust_ecumenical_altar_angels_and_demons
D:3:      layout_rooms, gammafunk_ghost_cemetery, hex_tiny,
          minmay_misc_feat_pillars

Skill      XL: |  1  2  3  4 |
---------------+-------------+-----
Dodging        | 3 |  3.9
Stealth        | 3 |  3.3
Ice Magic      | 5 |  5.1
Short Blades   | |  0.6
Spellcasting   | |  2.6

Action                     |  1- 3 |  4- 6 || total
---------------------------+-------+-------++-------
  Melee: Dagger            |    30 |    16 ||    46
         Short sword       |       |    19 ||    19
   Cast: Freeze            |    25 |    16 ||    41
    Use: Scroll            |     1 |       ||     1
         Potion            |       |     1 ||     1
   Stab: Sleeping          |     9 |     8 ||    17
 Armour: Robe              |    22 |    26 ||    48
  Dodge: Dodged            |    38 |    24 ||    62
